 Dungeon Crawl Stone Soup version 0.26.1-10-gdfb7c7de75 (webtiles) character file.

Game seed: 10458792067591066717

228 phalm the Insei (level 6, 0/39 HPs)
             Began as an Octopode Transmuter on Apr 2, 2021.
             Killed from afar by an orc wizard (9 damage)
             ... with a magic dart
             ... on level 3 of the Dungeon.
             The game lasted 00:05:12 (4165 turns).

phalm the Insei (Octopode Transmuter)               Turns: 4165, Time: 00:05:12

Health: 0/39       AC:  1    Str:  9    XL:     6   Next: 2%
Magic:  8/10       EV: 14    Int: 16    God:
Gold:   165        SH:  0    Dex: 14    Spells: 1/11 levels left

rFire    . . .     SeeInvis .     - Unarmed
rCold    + . .     Faith    .   (no shield)
rNeg     . . .     Spirit   .   (helmet currently unavailable)
rPois    .         Reflect  .   (no amulet)
rElec    .         Harm     .   l - ring of resist corrosion
rCorr    +         Rampage  .   i - ring of protection from cold
Will     .....                  (no ring)
Stlth    +++.......             (no ring)
HPRegen  0.13/turn              (no ring)
MPRegen  0.12/turn              (no ring)
                                (no ring)
                                (no ring)

@: appendages, wereblooded
A: almost no armour, stealthy swim, amphibious, 8 rings, constrict 8, tentacle
spike 3, camouflage 1, gelatinous body 1
a: End Transformation


You were on level 3 of the Dungeon.
One of your tentacles had a temporary spike.
You visited 1 branch of the dungeon, and saw 3 of its levels.

You collected 165 gold pieces.

Inventory:

Missiles
 c - 31 stones
Jewellery
 i - a ring of protection from cold (right tentacle)
 l - a ring of resist corrosion (left tentacle)
Wands
 h - a wand of random effects (34)
Scrolls
 a - a scroll of remove curse {unknown}
 b - a scroll of blinking {unknown}
 d - a scroll of random uselessness {unknown}
 e - 5 scrolls of identify {unknown}
 f - 2 scrolls of immolation {unknown}
 j - a scroll of teleportation {unknown}
 k - 4 scrolls of noise {unknown}
 m - 2 scrolls of enchant armour {unknown}
 n - a scroll of fear {unknown}
 o - a scroll of fog {unknown}
Potions
 g - a potion of might
 p - 2 potions of brilliance {unknown}
 q - a potion of flight


   Skills:
 + Level 1.8 Fighting
 + Level 2.6 Dodging
 + Level 1.2 Stealth
 + Level 3.6 Unarmed Combat
 * Level 3.2 Spellcasting
 * Level 3.6 Transmutations
 * Level 1.6 Poison Magic


You had one spell level left.
You knew the following spells:

 Your Spells              Type           Power        Failure   Level
a - Beastly Appendage     Tmut           28%          4%          1
b - Wereblood             Tmut           14%          6%          2
c - Spider Form           Tmut/Pois      5%           19%         3
d - Ice Form              Ice/Tmut       8%           65%         4

Your spell library contained the following spells:

 Spells                   Type           Power        Failure   Level
 Summon Small Mammal      Summ           8%           19%         1
 Call Imp                 Summ           2%           28%         2
 Call Canine Familiar     Summ           2%           50%         3
 Summon Guardian Golem    Hex/Summ       2%           50%         3
 Blade Hands              Tmut           7%           75%         5
 Summon Ice Beast         Ice/Summ       2%           88%         4
 Summon Lightning Spire   Summ/Air       2%           88%         4


Dungeon Overview and Level Annotations

Branches:
Dungeon (3/15)

Altars:


Innate Abilities, Weirdness & Mutations

You cannot wear most types of armour.
You are very stealthy in the water. (Stealth+)
You are amphibious.
You can wear up to eight rings at the same time.
You can use your tentacles to constrict eight enemies at once.
Your skin changes colour to match your surroundings (Stealth+).
Your rubbery body absorbs attacks. (AC +1, EV +1)
One of your tentacles bears a large vicious spike.


Message History

The orc priest hits you from afar with a +0 trident.
You tentacle-slap the orc. You grab the orc. You squeeze the orc.
The orc is severely wounded.
You constrict the orc, but do no damage.
The jackal misses you. The orc hits you but does no damage.
The jackal misses you.
You tentacle-slap the orc.
You kill the orc!
You howl as the wereblood boils in your veins!
The jackal bites you but does no damage.
The jackal completely misses you.
The orc priest hits you from afar with a +0 trident!
* * * LOW HITPOINT WARNING * * *
The jackal bites you.
* * * LOW HITPOINT WARNING * * *
The orc wizard hits you with a +0 dagger.
* * * LOW HITPOINT WARNING * * *
The orc wizard casts a spell at you. The magic dart hits you!
You die...

....# #.# #.#
....# #.# # #.#
....# #.#.# #.#
##.## #.#.# #.#
#.# #... #.#
#.#####.#######.#
#............##.#
#######..###)##.#
..........#@#
..##.#.##..##o#
#........h.#
###.##.h####
#.........#
......#.#.#.#
..........#
......... #
..###..#..


You could see an orc wizard (fast, misshapen) and a jackal.

Vanquished Creatures
  An orc wizard (D:3)
  Natasha (thrice) (D:2)
  2 adders
  An ooze (D:3)
  5 worms
  2 dart slugs
  3 leopard geckos (D:1)
  7 orcs (D:3)
  7 giant cockroaches
  11 goblins
  7 hobgoblins
  2 jackals (D:3)
  9 kobolds
  2 ball pythons
  6 bats
  A frilled lizard (D:2)
  5 rats
74 creatures vanquished.

Notes
Turn   | Place    | Note
-------+----------+-------------------------------------------
     0 | D:1      | phalm the Octopode Transmuter began the quest for the Orb.
     0 | D:1      | Reached XP level 1. HP: 13/13 MP: 3/3
   134 | D:1      | Reached XP level 2. HP: 14/18 MP: 3/5
   142 | D:1      | Learned a level 2 spell: Wereblood
   647 | D:1      | Reached XP level 3. HP: 23/23 MP: 4/6
  1531 | D:2      | Noticed Natasha
  1539 | D:2      | Killed Natasha
  1540 | D:2      | Reached XP level 4. HP: 13/28 MP: 5/8
  1695 | D:2      | Noticed Natasha
  1701 | D:2      | Killed Natasha
  1707 | D:2      | Learned a level 3 spell: Spider Form
  2066 | D:2      | Noticed Natasha
  2071 | D:2      | Killed Natasha
  2072 | D:2      | Reached XP level 5. HP: 33/33 MP: 7/9
  2780 | D:2      | Found a faded altar of an unknown god.
  2984 | D:3      | Reached skill level 1 in Stealth
  2984 | D:3      | Reached skill level 1 in Poison Magic
  3547 | D:3      | Learned a level 4 spell: Ice Form
  4079 | D:3      | Reached XP level 6. HP: 39/39 MP: 8/10
  4165 | D:3      | Killed from afar by an orc wizard

Illustrated notes

Levels and vault maps discovered:
D:1:      lightli_arrival_isolated_outpost, layout_rooms
D:2:      layout_loops_corners, chequers_ecumenical_altar_lobes,
          kennysheep_generic_room_13, uniq_natasha
D:3:      layout_basic, serial_rivers, chequers_serial_rivers_micro_b,
          chequers_serial_rivers_micro_d, chequers_serial_rivers_room_a,
          chequers_serial_rivers_room_a, chequers_serial_rivers_small_3,
          minmay_fractal_squares_5

Skill      XL: |  1  2  3  4  5 |
---------------+----------------+-----
Transmutations | 3 |  3.6
Spellcasting   | 3 |  3.2
Stealth        | 1 |  1.2
Poison Magic   | 1 |  1.6
Fighting       | |  1.8
Dodging        | |  2.6
Unarmed Combat | |  3.6

Action                   |  1- 3 |  4- 6 || total
-------------------------+-------+-------++-------
Melee: Unarmed           |    75 |   104 ||   179
       Tentacles         |    12 |    15 ||    27
       Constrict         |    21 |    28 ||    49
       Kick              |    10 |    21 ||    31
       Punch             |       |     2 ||     2
 Cast: Beastly Appendage |    26 |    27 ||    53
       Wereblood         |       |     2 ||     2
Evoke: Wand              |       |     1 ||     1
  Use: Potion            |       |     4 ||     4
 Stab: Sleeping          |       |     8 ||     8
Armor: Skin              |     8 |     6 ||    14
Dodge: Dodged            |    58 |    66 ||   124
